 Dungeon Crawl Stone Soup version 0.24-a0-549-g45f0056d81 (webtiles) character file.

Game seed: 13010025243059826093

424 Kisielow the Cudgeler (level 6, -1/38 HPs)
             Began as a Gargoyle Fighter on Aug 20, 2019.
             Slain by an orc
             ... wielding a +0 short sword
              (2 damage)
             ... on level 3 of the Dungeon.
             The game lasted 00:03:28 (1574 turns).

Kisielow the Cudgeler (Gargoyle Fighter)            Turns: 1574, Time: 00:03:29

Health: -1/38      AC: 13    Str: 22    XL:     6   Next: 96%
Magic:  6/6        EV:  7    Int:  8    God:
Gold:   43         SH:  9    Dex:  9    Spells: 5/5 levels left

rFire    . . .     SeeInvis .   a - +1 flail
rCold    . . .     Gourm    .   c - +0 shield
rNeg     + . .     Faith    .   b - +0 scale mail
rPois    ∞         Spirit   .   i - +2 hat
rElec    +         Reflect  .   (no cloak)
rCorr    .         Harm     .   (no gloves)
MR       .....                  (no boots)
Stlth    ..........             (no amulet)
HPRegen  0.12/turn              (no ring)
MPRegen  0.10/turn              (no ring)

@: berserk cooldown, very slightly contaminated, slowed, very slow
A: negative energy resistance 1, electricity resistance, unbreathing,
petrification resistance, rot immunity, AC +4
a: no special abilities


You were on level 3 of the Dungeon.
You were not hungry.

You visited 1 branch of the dungeon, and saw 6 of its levels.

You collected 43 gold pieces.

Inventory:

Hand Weapons
 a - a +1 flail (weapon)
Armour
 b - a +0 scale mail (worn)
 c - a +0 shield (worn)
 i - a +2 hat (worn)
 n - a +0 chain mail
Wands
 d - a wand of paralysis (13)
Potions
 j - a potion of magic {unknown}
Comestibles
 f - a ration


   Skills:
 + Level 4.1 Fighting
 * Level 6.0 Maces & Flails
 + Level 4.1 Armour
 + Level 4.0 Shields


You had 5 spell levels left.
You didn't know any spells.
Your spell library was empty.

Dungeon Overview and Level Annotations

Branches:
Dungeon (6/15)
 Temple: D:4-7

Altars:
Gozag
Sif Muna

Annotations:
D:3 Terence


Innate Abilities, Weirdness & Mutations

You are resistant to torment.
Your stone body is resilient. (AC +4)
You are immune to poison.
You resist negative energy. (rN+)
You are resistant to electric shocks. (rElec)
You can survive without breathing.
You are immune to petrification.
You are immune to rotting.


Message History

The dart slug bites you but does no damage.
The orc closely misses you. Terence says, "How do you enjoy it?"
You block Terence's attack. You block the orc priest's attack.
The orc wizard gestures at you while chanting.
The magic dart hits you!
* * * LOW HITPOINT WARNING * * *
You bludgeon the orc priest!!
You kill the orc priest!
The orc hits you but does no damage. x2; You block Terence's attack.
You block the dart slug's attack. The orc wizard casts a spell at you.
You resist with some effort. The orc hits you but does no damage. x2
The dart slug launches a dart at you.
The slug dart hits you but does no damage.
You closely miss the orc. Terence hits you but does no damage.
The orc hits you but does no damage.
The orc wizard casts a spell.
The orc wizard seems to speed up.
The orc hits you with a +0 short sword.
You die...

#############
#...........#
#...........#
#.......>...#
#....o........#
#...@wo.......#
#...o@oo....#.#
###..o###.....#
#...# #####.
##### (


You could see Terence, an orc wizard, a dart slug and 5 orcs.

Vanquished Creatures
  A hippogriff (D:6)
  An ogre (D:4)
  A scorpion (D:6)
  An orc priest (D:3)
  An iguana (D:6)
  A worker ant zombie (D:6)
  An adder (D:2)
  A shadow imp (D:6)
  A dart slug (D:1)
  2 leopard geckos
  An orc (D:5)
  2 giant cockroaches (D:1)
  5 goblins
  3 hobgoblins
  3 jackals (D:1)
  A ball python (D:1)
  3 bats (D:1)
  8 frilled lizards (D:1)
  2 kobolds (D:1)
  3 rats
42 creatures vanquished.

Notes
Turn   | Place    | Note
-------+----------+-------------------------------------------
     0 | D:1      | Kisielow the Gargoyle Fighter began the quest for the Orb.
     0 | D:1      | Reached XP level 1. HP: 14/14 MP: 1/1
    73 | D:1      | Reached XP level 2. HP: 14/19 MP: 2/2
   234 | D:1      | Reached skill level 3 in Maces & Flails
   278 | D:1      | Reached XP level 3. HP: 23/23 MP: 3/3
  1115 | D:2      | You fall into a shaft and drop 2 floors!
  1123 | D:4      | Noticed an ogre
  1129 | D:4      | Killed an ogre
  1129 | D:4      | Reached skill level 5 in Maces & Flails
  1129 | D:4      | Reached XP level 4. HP: 28/28 MP: 4/4
  1129 | D:4      | Reached XP level 5. HP: 32/32 MP: 5/5
  1137 | D:4      | You fall into a shaft and drop 2 floors!
  1180 | D:6      | Noticed a hippogriff
  1259 | D:6      | Killed a hippogriff
  1259 | D:6      | Reached XP level 6. HP: 6/38 MP: 6/6
  1261 | D:6      | Reached skill level 6 in Maces & Flails
  1265 | D:5      | Entered Level 5 of the Dungeon
  1532 | D:4      | Found an opulent altar of Gozag.
  1536 | D:4      | Found a shimmering blue altar of Sif Muna.
  1562 | D:3      | Noticed Terence
  1572 | D:3      | HP: 1/38 [orc wizard/magic dart (7)]
  1574 | D:3      | Slain by an orc

Levels and vault maps discovered:
D:1:      nzn_arrival_crosshair, layout_basic, st_stairs_4, minmay_lizard_king
D:2:      layout_loops_ring, grunt_temple_overflow_growth_and_decay,
          hangedman_decor_clover_reticule
D:3:      layout_basic, nicolae_overflow_hidden_temple, hex_tiny,
          minmay_pentangle, uniq_terence
D:4:      layout_gridville, grunt_temple_overflow_open, first_ration, uniq_robin
D:5:      layout_basic, nicolae_dithmenos_through_a_glass_darkly, serial_shops,
          kennysheep_mini_moat, minmay_misc_feat_x, kennysheep_big_empty_room,
          hangedman_decor_points
D:6:      layout_basic, minivault_27

Skill      XL: |  1  2  3  4  5  6 |
---------------+-------------------+-----
Maces & Flails | 3 5 6 |  6.0
Fighting       | 4 |  4.1
Armour         | 4 |  4.1
Shields        | 4 |  4.0

Action                   |  1- 3 |  4- 6 || total
-------------------------+-------+-------++-------
Melee: Flail             |   132 |    35 ||   167
  Use: Potion            |     1 |     1 ||     2
       Scroll            |       |     4 ||     4
  Eat: Chunk             |     1 |     1 ||     2
Armor: Scale mail        |    52 |    39 ||    91
Dodge: Dodged            |    33 |    17 ||    50
Block: Shield            |    68 |    37 ||   105

Table legend:
 A = Non-vault XP
 B = Vault XP
 C = Vault XP percentage of total XP
 D = Non-vault monster count
 E = Vault monster count
 F = Vault count percentage of total count
                 A         B        C        D         E       F
            +---------+---------+-------+---------+---------+-------
      Total |     596 |      11 |   1.8 |      34 |       8 |  19.0
            +---------+---------+-------+---------+---------+-------
        D:1 |      29 |      11 |  27.5 |      18 |       8 |  30.8
        D:2 |      27 |       0 |   0.0 |       8 |       0 |   0.0
        D:3 |      41 |       0 |   0.0 |       1 |       0 |   0.0
        D:4 |     113 |       0 |   0.0 |       1 |       0 |   0.0
        D:5 |       3 |       0 |   0.0 |       1 |       0 |   0.0
        D:6 |     383 |       0 |   0.0 |       5 |       0 |   0.0
            +---------+---------+-------+---------+---------+-------
